 Dungeon Crawl Stone Soup version 0.30-a0-4-ga7cffc901d (webtiles) character file.

Game seed: 12606062656435802178

182683 quinnr the Ruinous (level 18, -2/98 HPs)
             Began as a Tengu Conjurer on Aug 21, 2022.
             Was an Elder of Sif Muna.
             Slain by a merfolk impaler
             ... wielding a +1 trident of freezing
              (7 damage)
             ... on level 4 of the Shoals.
             The game lasted 03:20:45 (68511 turns).

quinnr the Ruinous (Tengu Conjurer)                Turns: 68511, Time: 03:20:45

Health: -2/98      AC: 13    Str: 19    XL:     18   Next: 34%
Magic:  2/35       EV: 21    Int: 28    God:    Sif Muna [****..]
Gold:   1436       SH:  0    Dex: 13    Spells: 0/42 levels left

rFire   + + .      SeeInvis +    X - staff of fire
rCold   . . .      Faith    .    (no shield)
rNeg    . . .      Spirit   .    f - +3 leather armour {rF+}
rPois   +          Reflect  .    (helmet restricted)
rElec   .          Harm     .    c - +2 cloak of the Thief {*Fog Slay-2 SInv Stlth+}
rCorr   +          Rampage  .    O - +2 pair of gloves {Str+3}
Will    +++..                    (boots unavailable)
Stlth   ++++......               s - amulet of the acrobat
HPRegen 0.26/turn                q - ring "Inaiwis" {Will++ rCorr Str+6 Int+4}
MPRegen 0.24/turn                F - ring of poison resistance

@: lethally poisoned (-2 -> -12), flying quickly and evasively, studying Armour,
quick
A: beak, talons 3, nimble flight
a: Renounce Religion, Channel Magic, Forget Spell, Divine Exegesis


You were on level 4 of the Shoals.
You worshipped Sif Muna.
Sif Muna was greatly pleased with you.
You visited 5 branches of the dungeon, and saw 29 of its levels.
You also visited: Sewer, Bailey and Volcano.

You collected 3439 gold pieces.
You spent 2003 gold pieces at shops.

Inventory:

Missiles
 t - 6 silver boomerangs
 D - 15 curare-tipped darts
 Q - 5 throwing nets
 W - 3 boomerangs of dispersal
Armour
 c - the +2 cloak of the Thief (worn) {*Fog Slay-2 SInv Stlth+}
   (You found it in a volcano)

   It may release a thick cloud of smoke when the wearer is hurt.
   Slay:      It affects your accuracy & damage with ranged weapons and melee
   (-2).
   SInv:      It lets you see invisible.
   Stlth:     It makes you more stealthy.
 f - a +3 leather armour of fire resistance (worn)
 O - a +2 pair of gloves of strength (worn)
Magical Staves
 m - a staff of conjuration
 H - a staff of cold
 R - a staff of air
 X - a staff of fire (weapon)
Jewellery
 e - a ring of protection from cold
 j - the ring of Fecwuitz {Fly Will+ SInv}
   (You acquired it on level 2 of the Lair of Beasts)

   [ring of willpower]

   SInv:      It lets you see invisible.
   Fly:       It grants you flight.
   Will:      It increases your willpower.
 o - a ring of protection from cold
 q - the ring "Inaiwis" (left hand) {Will++ rCorr Str+6 Int+4}
   (You acquired it on level 3 of the Snake Pit)

   [ring of strength]

   Str:       It affects your strength (+6).
   Int:       It affects your intelligence (+4).
   rCorr:     It protects you from acid and corrosion.
   Will:      It greatly increases your willpower.
 s - an amulet of the acrobat (around neck)
 E - a ring of resist corrosion
 F - a ring of poison resistance (right hand)
 I - a ring of magical power
 V - a ring of positive energy
Wands
 l - a wand of flame (39)
 p - a wand of roots (46)
 w - a wand of mindburst (4)
 x - a wand of polymorph (3)
 y - a wand of paralysis (9)
 T - a wand of quicksilver (2)
 U - a wand of digging (10)
Scrolls
 a - 3 scrolls of blinking
 n - 4 scrolls of poison
 r - 4 scrolls of summoning
 u - 19 scrolls of teleportation
 v - 3 scrolls of butterflies
 A - 2 scrolls of vulnerability
 C - 3 scrolls of magic mapping
 J - 3 scrolls of immolation
 N - 3 scrolls of fear
 P - 6 scrolls of enchant weapon
 S - 2 scrolls of amnesia
 Y - a scroll of brand weapon
Potions
 b - 9 potions of magic
 d - 4 potions of cancellation
 g - 3 potions of curing
 h - 4 potions of resistance
 i - 2 potions of berserk rage
 k - 5 potions of lignification
 z - 3 potions of heal wounds
 B - 4 potions of might
 G - 8 potions of haste
 L - a potion of flight
 M - 3 potions of brilliance
 Z - 2 potions of mutation
Miscellaneous
 K - a condenser vane


   Skills:
 - Level 6.0 Fighting
 - Level 6.0 Armour
 - Level 14.0 Dodging
 - Level 6.0 Stealth
 - Level 12.7 Spellcasting
 + Level 22.7 Conjurations
 + Level 7.9 Hexes
 + Level 12.1 Fire Magic
 - Level 5.0 Air Magic
 - Level 10.0 Invocations
 - Level 5.0 Evocations


You couldn't memorise any spells.
You knew the following spells:

 Your Spells              Type           Power      Damage    Failure   Level
a - Magic Dart            Conj           100%       1d8       0%          1
b - Searing Ray           Conj           100%       2d8       0%          2
c - Dazzling Flash        Conj/Hex       100%       N/A       1%          3
d - Sticky Flame          Conj/Fire      100%       2d11      1%          4
e - Iskenderun's Mystic   Conj/Tloc      69%        2d14      1%          4
f - Fulminant Prism       Conj/Hex       40%        3d20      1%          4
g - Fireball              Conj/Fire      54%        3d21      1%          5
h - Fire Storm            Conj/Fire      54%        8d14      95%         9
i - Lightning Bolt        Conj/Air       38%        1d57      1%          5
j - Iskenderun's Battles  Conj           98%        2d14      0%          5

Your spell library contained the following spells:

 Spells                   Type           Power      Damage    Failure   Level
 Foxfire                  Conj/Fire      100%       2x1d9     0%          1
 Shock                    Conj/Air       100%       1d9       0%          1
 Conjure Flame            Conj/Fire      100%       6-21      0%          3
 Ensorcelled Hibernation  Hex/Ice        80%        N/A       1%          2
 Ignite Poison            Fire/Tmut/Pois 57%        N/A       1%          3
 Portal Projectile        Hex/Tloc       80%        N/A       1%          3
 Stone Arrow              Conj/Erth      100%       3d13      1%          3
 Swiftness                Air            45%        N/A       1%          3
 Tukima's Dance           Hex            58%        N/A       1%          3
 Flame Wave               Conj/Fire      100%       2d21      1%          4
 Irradiate                Conj/Tmut      34%        3d23      1%          5
 Conjure Ball Lightning   Conj/Air       38%        3x3d12    1%          6
 Starburst                Conj/Fire      54%        6d15      1%          6
 Orb of Destruction       Conj           49%        9d13      1%          7
 Beastly Appendage        Tmut           34%        N/A       3%          1
 Sandblast                Erth           34%        2d9       3%          1
 Airstrike                Air            22%        2d(4-20)  4%          4
 Iron Shot                Conj/Erth      34%        9d7       4%          6
 Passwall                 Tmut/Erth      14%        N/A       5%          2
 Sublimation of Blood     Necr           17%        N/A       5%          2
 Wereblood                Tmut           17%        N/A       5%          2
 Anguish                  Hex/Necr       20%        N/A       7%          4
 Leda's Liquefaction      Hex/Erth       20%        N/A       7%          4
 Call Canine Familiar     Summ           17%        N/A       11%         3
 Frozen Ramparts          Ice            34%        1d6       11%         3
 Gell's Gravitas          Tloc           17%        N/A       11%         3
 Lesser Beckoning         Tloc           17%        N/A       11%         3
 Ozocubu's Armour         Ice            17%        N/A       11%         3
 Spider Form              Tmut/Pois      17%        N/A       11%         3
 Teleport Other           Tloc           17%        N/A       11%         3
 Vampiric Draining        Necr           17%        2d7       11%         3
 Yara's Violent Unravell  Hex/Tmut       20%        3d9       19%         5
 Animate Armour           Summ/Erth      34%        N/A       34%         4
 Ice Form                 Ice/Tmut       17%        N/A       34%         4
 Passage of Golubria      Tloc           17%        N/A       34%         4
 Blade Hands              Tmut           8%         N/A       67%         5
 Lee's Rapid Deconstruct  Erth           8%         3d8*      67%         5
 Ignition                 Fire           45%        3d13      83%         8
 Dispersal                Tloc           8%         N/A       99%         6
 Simulacrum               Ice/Necr       8%         N/A       99%         6
 Dragon Form              Tmut           8%         N/A       100%        7
 Ozocubu's Refrigeration  Ice            8%         4d9       100%        7
 Storm Form               Tmut/Air       15%        N/A       100%        7
 Disjunction              Tloc           8%         N/A       100%        8
 Chain Lightning          Conj/Air       38%        3d51      100%        9


Dungeon Overview and Level Annotations

Branches:
Dungeon (15/15)            Temple (0/1) D:5            Lair (5/5) D:9
 Shoals (4/4) Lair:3        Snake (3/4) Lair:2        Slime (0/5) Lair:5
    Orc (2/2) D:12            Elf (0/3) Orc:2        Vaults (0/5) D:14
 Depths (0/4) D:15          Sewer (visited)          Bailey (visited)
Volcano (visited)

Altars:
Dithmenos
Hepliaklqana
Kikubaaqudgha
Nemelex Xobeh
Okawaru
Qazlal
Ru
Sif Muna
Jiyva

Shops:
D:4 =   D:15 [   Orc:2 :(?*?   Shoals:2 [   Shoals:3 [   Snake:3 *(?(

Portals:
Pandemonium: Orc:2

Annotations:
D:4 Eustachio


Innate Abilities, Weirdness & Mutations

You have a beak for a mouth.
You have claws for feet.
Your magical nature lets you fly swiftly and evasively.


Message History

Casting: Magic Dart (safe; 0% risk of failure)
Confirm with . or Enter, or press ? or * to list all spells.
Aiming: Magic Dart (safe; 0% risk of failure)
Press: ? - help, Shift-Dir - straight line, f/p - merfolk impaler
Aim: a merfolk impaler, wielding a +1 trident of freezing and wearing a +0 leather armour (heavily wounded, ally target, 100% to hit)
The magic dart hits the merfolk impaler but does no damage.
The merfolk impaler is heavily wounded.
Your battlesphere fires!
The barrage of energy hits the merfolk impaler!!
The merfolk impaler is heavily wounded.
Your battlesphere expends the last of its energy and dissipates.
Casting: Magic Dart (safe; 0% risk of failure)
Confirm with . or Enter, or press ? or * to list all spells.
Aiming: Magic Dart (safe; 0% risk of failure)
Press: ? - help, Shift-Dir - straight line, f/p - merfolk impaler
Aim: a merfolk impaler, wielding a +1 trident of freezing and wearing a +0 leather armour (heavily wounded, 100% to hit)
The magic dart hits the merfolk impaler.
The merfolk impaler is heavily wounded.
The merfolk impaler hits you from afar with a +1 trident of freezing!!
With a swish of your cloak, you release a cloud of fog.
The merfolk impaler freezes you!
The merfolk impaler hits you from afar with a +5 trident of venom.
The merfolk impaler hits you from afar with a +1 trident of freezing.
The merfolk impaler freezes you. The merfolk impaler barely misses you.
Casting: Magic Dart (safe; 0% risk of failure)
Confirm with . or Enter, or press ? or * to list all spells.
Aiming: Magic Dart (safe; 0% risk of failure)
Press: ? - help, Shift-Dir - straight line, f/p - merfolk impaler
Aim: a merfolk impaler, wielding a +1 trident of freezing and wearing a +0 leather armour (heavily wounded, 100% to hit)
The magic dart hits the merfolk impaler.
The merfolk impaler is heavily wounded.
The merfolk impaler closely misses you.
The merfolk impaler hits you from afar with a +5 trident of venom!
* * * LOW HITPOINT WARNING * * *
With a swish of your cloak, you release a cloud of fog.
You are poisoned.
The merfolk impaler hits you from afar with a +1 trident of freezing!
* * * LOW HITPOINT WARNING * * *
The merfolk impaler freezes you!
You die...

≈≈≈≈≈≈~~.......~#
≈≈≈≈≈≈~~~~~~..~~~##
≈≈≈≈≈≈~~☼~~...~...#####≈
≈≈≈~~~)~~~~...........~≈
≈≈≈~~~~)~~~..........~~≈
≈≈≈~~~~~~mk~.~...~...~~≈
~~~§§§m§m~~~~~~~~..~~~~
..#.§§§...~~~~....~~~~
..##§@§###.~~..##..~~~
~~~...§§§P##.~....##..~~
~~~~..§§§.#..|....# .[.~
≈~~~.~~~~P..~.....# ..~~
≈~~~~~~~~~.~~.##[....~~~
≈≈~~~~~~~~..~.##..P.P~~~
≈≈≈~~~~~~~~~P~...P..~~~~
≈≈≈~~P~~~P~~~P~~~~~P~P~~
≈~~~P~~.#P~~P~PP~~~P~~


You could see 3 merfolk impalers and a wind drake (repels missiles).

Vanquished Creatures
  Mlioglotl (Shoals:4)
  Frances (Shoals:1)
  A kraken (Shoals:2)
  Kirke (D:15)
  3 nagarajas
  A fenstrider witch (Shoals:2)
  A quicksilver ooze (Lair:5)
  A stone giant (D:15)
  Azrael (D:15)
  The ghost of Zeldest the Severer, a journeyman HOMo of Beogh (Lair:4)
  The ghost of Zonian the Fighter, a journeyman VSIE of Xom (Lair:4)
  3 merfolk javelineers
  3 merfolk impalers
  6 hydras
  3 boulder beetles
  2 fire dragons
  A demonspawn (Orc:2)
  A salamander tyrant (Snake:3)
  An ogre mage (D:8)
  A catoblepas (D:14)
  A merfolk avatar (Shoals:4)
  4 vault guards (D:14)
  5 centaur warriors
  4 anacondas
  8 two-headed ogres
  The ghost of voltaire321 the Thaumaturge, a journeyman DEEE of Sif Muna (Lair:2)
  4 merfolk aquamancers
  2 satyrs
  6 naga warriors
  4 orc high priests (Orc:2)
  A tengu warrior (D:15)
  2 death yaks (Lair:5)
  8 naga sharpshooters
  5 shock serpents
  5 sun demons
  3 salamander mystics (Snake:3)
  A sixfirhy (Orc:2)
  12 sea snakes
  2 naga ritualists
  A swamp dragon (Lair:5)
  5 harpies (Shoals:2)
  6 orc knights
  A wizard (D:8)
  2 mana vipers
  9 orc sorcerers
  2 deep elf pyromancers
  10 cyclopes
  A wolf spider (Lair:5)
  10 ugly things
  13 salamanders
  10 fauns
  19 manticores
  7 elephants
  Maurice (Orc:1)
  5 guardian serpents
  4 water nymphs
  31 black mambas
  A guardian serpent (shapeshifter) (D:13)
  6 merfolk sirens
  2 torpor snails (Lair:5)
  3 gargoyles
  2 smoke demons (Volcano)
  11 naga magi
  20 cane toads
  9 komodo dragons
  3 rime drakes (Lair:5)
  An ice devil (Orc:2)
  A tengu conjurer (D:9)
  A red devil (Orc:2)
  21 merfolk
  5 polar bears
  4 trolls
  5 hornets
  A wolf spider simulacrum (D:15)
  3 wind drakes
  11 dream sheep
  8 blink frogs
  9 slime creatures
  A dream sheep (shapeshifter) (D:10)
  9 snapping turtles
  4 shadows
  5 wraiths
  7 spriggans (Bailey)
  7 water elementals
  A vampire (D:12)
  13 wyverns
  2 hogs (D:15)
  56 yaks
  4 fire elementals
  6 vampire mosquitoes
  11 basilisks
  8 steam dragons
  3 redbacks (Lair:5)
  37 nagas
  6 wargs
  8 acid dragons
  4 hell hounds
  26 water moccasins
  3 sky beasts
  31 orc warriors
  A black bear (D:6)
  4 ice beasts
  16 ogres
  6 wolves (Lair:5)
  2 phantoms (D:6)
  4 centaurs
  Blork the orc (D:4)
  3 kobold brigands
  2 gnoll sergeants
  8 bullfrogs
  5 scorpions
  6 wights
  12 killer bees
  A howler monkey (shapeshifter) (D:14)
  12 howler monkeys
  2 electric eels
  5 jellies (Lair:5)
  2 hounds
  27 orc priests
  A gnoll bouda (D:8)
  25 orc wizards
  6 iguanas
  7 hell rats
  4 adders
  10 gnolls
  2 river rats (D:4)
  A shadow imp (D:7)
  A white imp (D:7)
  2 ufetubi (D:6)
  9 worms
  2 dart slugs
  82 orcs
  8 bats
  7 endoplasms
  5 giant cockroaches
  9 goblins
  7 hobgoblins
  18 kobolds
  2 quokkas
  10 ball pythons
  5 frilled lizards
  5 rats
  A spectral goblin (D:10)
  A bush (D:8)
  13 fulminant prisms
  2 tentacles (Shoals:2)
992 creatures vanquished.

Vanquished Creatures (collateral kills)
  A water moccasin (D:9)
1 creature vanquished.

Vanquished Creatures (others)
  A salamander (Snake:3)
  A hog (D:15)
  2 humans (D:15)
  A killer bee (D:9)
  A bush (Lair:3)
  640 fulminant prisms
  39 fungi
  233 plants
  2 tentacles (Shoals:2)
  6 withered plants (D:11)
926 creatures vanquished.

Grand Total: 1919 creatures vanquished

Notes
Turn   | Place    | Note
-------+----------+-------------------------------------------
     0 | D:1      | quinnr the Tengu Conjurer began the quest for the Orb.
     0 | D:1      | Reached XP level 1. HP: 10/10 MP: 4/4
   118 | D:1      | Reached XP level 2. HP: 15/15 MP: 3/6
   207 | D:1      | Reached skill level 6 in Conjurations
   634 | D:2      | Reached XP level 3. HP: 19/19 MP: 0/7
  1656 | D:2      | Reached skill level 7 in Conjurations
  1733 | D:2      | Found a faded altar of an unknown god.
  1983 | D:2      | Reached XP level 4. HP: 23/24 MP: 2/8
  2248 | D:2      | Learned a level 2 spell: Searing Ray
  2701 | D:3      | Reached skill level 8 in Conjurations
  2701 | D:3      | Gained mutation: Your magical nature lets you fly swiftly
                  | and evasively. [Tengu growth]
  2701 | D:3      | Reached XP level 5. HP: 23/28 MP: 1/9
  3132 | D:3      | Got the Almanac of the Hunter
  3436 | D:4      | Identified a scroll of acquirement
  3439 | D:4      | Acquired a staff of conjuration
  3578 | D:4      | Reached skill level 9 in Conjurations
  3639 | D:4      | Found Zeichel's Jewellery Emporium.
  3645 | D:4      | Found a glowing drain.
  3655 | D:4      | Reached XP level 6. HP: 31/32 MP: 1/10
  3724 | Sewer    | Entered a sewer
  3777 | Sewer    | Learned a level 3 spell: Dazzling Flash
  3821 | Sewer    | Noticed a water moccasin
  3830 | Sewer    | Killed a water moccasin
  4194 | D:4      | Noticed Blork the orc
  4201 | D:4      | Killed Blork the orc
  4202 | D:4      | Reached skill level 1 in Hexes
  4349 | D:4      | Noticed Eustachio
  4745 | D:5      | Entered Level 5 of the Dungeon
  5101 | D:4      | Reached XP level 7. HP: 31/36 MP: 6/12
  5151 | D:5      | Noticed a two-headed ogre
  5259 | D:6      | Found a shimmering blue altar of Sif Muna.
  5383 | D:6      | Became a worshipper of Sif Muna the Loreminder
  5474 | D:6      | Reached skill level 10 in Conjurations
  5692 | D:6      | Reached skill level 1 in Armour
  6385 | D:6      | Reached XP level 8. HP: 41/41 MP: 13/13
  6562 | D:6      | Found a sacrificial altar of Ru.
  6563 | D:6      | Found a shadowy altar of Dithmenos.
  6678 | D:6      | Reached * piety under Sif Muna
  6679 | D:6      | Reached skill level 11 in Conjurations
  6978 | D:5      | Found a staircase to the Ecumenical Temple.
  7219 | D:6      | Reached skill level 12 in Conjurations
  8229 | D:5      | Killed a two-headed ogre
  8230 | D:5      | Reached skill level 14 in Conjurations
  8230 | D:5      | Reached XP level 9. HP: 45/45 MP: 10/14
  8610 | D:7      | Reached skill level 15 in Conjurations
  8930 | D:7      | Reached ** piety under Sif Muna
  8990 | D:7      | Found a flagged portal.
  8994 | Bailey   | Entered a bailey
  9189 | Bailey   | Learned a level 4 spell: Sticky Flame
  9285 | Bailey   | Reached skill level 1 in Fire Magic
  9305 | Bailey   | Reached XP level 10. HP: 50/50 MP: 12/16
  9351 | Bailey   | HP: 5/50 [ogre/+0 halberd (15)]
  9717 | Bailey   | Noticed a two-headed ogre
  9813 | Bailey   | Killed a two-headed ogre
 10189 | Bailey   | Reached skill level 5 in Dodging
 10541 | D:7      | Reached skill level 1 in Fighting
 10541 | D:7      | Reached skill level 5 in Stealth
 11103 | D:7      | Paralysed by an orc wizard for 5 turns
 11389 | D:7      | Reached skill level 5 in Spellcasting
 12023 | D:8      | Reached *** piety under Sif Muna
 12045 | D:7      | Learned a level 4 spell: Iskenderun's Mystic Blast
 12201 | D:8      | Noticed a two-headed ogre
 12253 | D:7      | Killed a two-headed ogre
 12254 | D:7      | Reached skill level 1 in Invocations
 12254 | D:7      | Reached XP level 11. HP: 12/58 MP: 11/19
 13293 | D:8      | Found an iron altar of Okawaru.
 13574 | D:8      | Noticed a two-headed ogre
 13587 | D:8      | Killed a two-headed ogre
 14139 | D:9      | Found a sparkling altar of Nemelex Xobeh.
 14159 | D:9      | Found a runed translucent door.
 14240 | D:9      | Reached skill level 16 in Conjurations
 14338 | D:9      | Learned a level 4 spell: Fulminant Prism
 14763 | D:9      | Found a runed translucent door.
 14766 | D:9      | Noticed a two-headed ogre
 14774 | D:9      | Reached skill level 1 in Evocations
 15483 | D:8      | Noticed a wizard
 15512 | D:8      | Killed a wizard
 15630 | D:8      | Noticed a boulder beetle
 15646 | D:8      | Noticed an ogre mage
 15650 | D:8      | Killed a boulder beetle
 15668 | D:8      | Paralysed by something for 5 turns
 15677 | D:8      | Killed an ogre mage
 16044 | D:8      | Reached skill level 5 in Invocations
 16434 | D:9      | Reached XP level 12. HP: 66/66 MP: 20/20
 16603 | D:9      | Found a staircase to the Lair.
 16882 | D:9      | Reached **** piety under Sif Muna
 17037 | D:9      | Reached skill level 17 in Conjurations
 17792 | D:9      | Killed a two-headed ogre
 17793 | D:9      | Reached skill level 5 in Hexes
 17793 | D:9      | Reached skill level 5 in Evocations
 18265 | D:10     | Entered Level 10 of the Dungeon
 19035 | D:9      | Found a staircase to the Lair.
 19207 | D:9      | Found a sparkling altar of Nemelex Xobeh.
 19481 | D:10     | Found a stormy altar of Qazlal.
 20019 | D:10     | Found a hazy altar of Hepliaklqana.
 20381 | D:10     | Noticed a two-headed ogre
 20401 | D:10     | Killed a two-headed ogre
 20402 | D:10     | Reached skill level 18 in Conjurations
 20507 | D:10     | Noticed a two-headed ogre
 20516 | D:10     | Killed a two-headed ogre
 21338 | D:10     | Reached skill level 19 in Conjurations
 21851 | D:10     | Reached XP level 13. HP: 64/70 MP: 19/21
 22221 | D:11     | Found an ancient bone altar of Kikubaaqudgha.
 22896 | Lair:1   | Entered Level 1 of the Lair of Beasts
 23365 | Lair:1   | Reached skill level 20 in Conjurations
 23581 | Lair:1   | Reached ***** piety under Sif Muna
 25052 | Lair:2   | Noticed voltaire321's ghost (journeyman DEEE)
 25436 | Lair:2   | Found a runed translucent door.
 25660 | Lair:2   | Received a gift from Sif Muna
 26197 | Lair:2   | Found a staircase to the Snake Pit.
 26574 | Lair:3   | Found a dark tunnel.
 26687 | Volcano  | Entered a volcano
 27369 | Volcano  | Noticed a fire dragon
 27369 | Volcano  | Found the +2 cloak of the Thief {*Fog Slay-2 SInv Stlth+}
 27389 | Volcano  | Killed a fire dragon
 27794 | Lair:2   | Learned a level 5 spell: Fireball
 27822 | Lair:2   | Killed voltaire321's ghost
 27947 | Lair:2   | Acquired the ring of Fecwuitz {Fly Will+ SInv}
 28515 | Lair:3   | Reached XP level 14. HP: 45/76 MP: 19/25
 28898 | Lair:3   | Found a staircase to the Shoals.
 29429 | Lair:3   | HP: 7/76 [poisoned by a water moccasin]
 29434 | Lair:3   | HP: 3/76 [poisoned by a water moccasin]
 30456 | Lair:4   | Reached skill level 5 in Fire Magic
 31167 | Lair:4   | Found a runed translucent gate.
 31167 | Lair:4   | Found a runed translucent gate.
 31167 | Lair:4   | Found a runed translucent gate.
 31169 | Lair:4   | Noticed Zonian's ghost (journeyman VSIE)
 31253 | Lair:4   | Noticed Zeldest's ghost (journeyman HOMo)
 31524 | Lair:4   | Killed Zonian's ghost
 31550 | Lair:4   | Killed Zeldest's ghost
 31746 | Lair:4   | Identified the +0 pair of boots of Eternal Night {rElec rF-
                  | MP+9}
 31768 | Lair:5   | Entered Level 5 of the Lair of Beasts
 33237 | Lair:5   | Reached skill level 10 in Dodging
 34402 | Lair:5   | Received a gift from Sif Muna
 34403 | Lair:5   | Got Sif Muna's Catalogue of Ruinous Ozone {god gift}
 34569 | Lair:5   | Found a viscous altar of Jiyva.
 34569 | Lair:5   | Found a staircase to the Slime Pits.
 35491 | Lair:5   | Reached XP level 15. HP: 37/80 MP: 2/29
 35913 | Lair:5   | Reached skill level 5 in Armour
 37167 | D:12     | Received a gift from Sif Muna
 37201 | D:12     | Got Sif Muna's Catalogue of Turbulent Metamorphosis {god
                  | gift}
 37213 | D:12     | Learned a level 9 spell: Fire Storm
 37867 | D:12     | You are sucked into a shaft and drop 2 floors!
 38031 | D:14     | Found a gate to the Vaults.
 38073 | D:14     | Reached skill level 5 in Fighting
 39242 | D:12     | Found a staircase to the Orcish Mines.
 39534 | D:12     | Identified the +1 pair of boots of the Sparrow {rC- Int+3
                  | Slay+5}
 41338 | D:15     | Entered Level 15 of the Dungeon
 41350 | D:15     | Found a staircase to the Depths.
 41356 | D:15     | Noticed Azrael
 41555 | D:15     | Found Ujiuprorph's Armour Shoppe.
 41561 | D:15     | Noticed Kirke
 41570 | D:15     | Killed Kirke
 42814 | D:15     | Received a gift from Sif Muna
 42815 | D:15     | Reached skill level 10 in Spellcasting
 43279 | D:15     | Killed Azrael
 44047 | D:15     | HP: 7/84 [white ugly thing (23)]
 44692 | Snake:1  | Entered Level 1 of the Snake Pit
 45180 | Snake:1  | Reached XP level 16. HP: 88/88 MP: 31/31
 46418 | Snake:1  | Reached skill level 10 in Fire Magic
 46425 | Snake:1  | Reached skill level 21 in Conjurations
 47216 | Snake:2  | Noticed a nagaraja
 47583 | Snake:2  | Received a gift from Sif Muna
 48419 | Snake:2  | Noticed a nagaraja
 48447 | Snake:2  | Killed a nagaraja
 48497 | Snake:2  | HP: 8/88 [poisoned by a guardian serpent (bolt of poison)]
 49334 | Snake:2  | Reached skill level 10 in Invocations
 50093 | Snake:2  | Killed a nagaraja
 50996 | Snake:2  | quinnr: ??prism
 50996 | Snake:2  | beem: fulminant prism[1/3]: Level 4 conjuration/hexes.
                  | Conjures an explosive prism at a smite-targeted location
                  | which will detonate with a radius-2 explosion after 2
                  | turns, dealing considerable non-elemental damage.
 50996 | Snake:2  | quinnr: ??prism[2
 50996 | Snake:2  | beem: fulminant prism[2/3]: The prisms are very fragile and
                  | if destroyed prematurely will result in either a smaller,
                  | weaker explosion, or no explosion at all (if they are
                  | killed immediately after being created).
 50996 | Snake:2  | quinnr: ??prism[3
 50996 | Snake:2  | beem: fulminant prism[3/3]: Check out this helpful guide!
                  | https://crawl.develz.org/tavern/viewtopic.php?f=5&t=18101
 51104 | Snake:3  | Found Coest's Magic Scroll Boutique.
 51280 | Snake:3  | Found Jiruy's Weapon Emporium.
 51566 | Snake:3  | Learned a level 5 spell: Lightning Bolt
 51667 | Snake:3  | Reached skill level 1 in Air Magic
 51913 | Snake:3  | Found Raeniecs's Antique Weapon Shop.
 51913 | Snake:3  | Noticed a nagaraja
 51917 | Snake:3  | Killed a nagaraja
 51921 | Snake:3  | Received a gift from Sif Muna
 52513 | Snake:3  | Got Myzet's Papyrus of Pyromania {god gift}
 52517 | Snake:3  | Found Xatsyg's General Store.
 52737 | Snake:3  | Reached XP level 17. HP: 93/93 MP: 10/33
 53631 | Orc:1    | Entered Level 1 of the Orcish Mines
 53633 | Orc:1    | Noticed Maurice
 53950 | Orc:1    | Killed Maurice
 54584 | Orc:2    | Entered Level 2 of the Orcish Mines
 55595 | Orc:2    | Found a staircase to the Elven Halls.
 55619 | Orc:2    | Found Gaboho's Magic Scroll Emporium.
 55753 | Orc:2    | Received a gift from Sif Muna
 55778 | Orc:2    | Got Zeolaah's Handbook of Evil Deeds {god gift}
 56060 | Orc:2    | Found Obleofuu's General Store.
 56168 | Orc:2    | Found Piajeh's Magic Scroll Boutique.
 57354 | Orc:2    | Reached skill level 22 in Conjurations
 57709 | Orc:2    | Found Emouwuh's Antique Weapon Emporium.
 57709 | Orc:2    | Found Voheahoh's Book Shoppe.
 57710 | Orc:2    | Found a one-way gate leading to the halls of Pandemonium.
 58106 | Snake:3  | Bought a scroll of acquirement for 884 gold pieces
 58106 | Snake:3  | Bought a scroll of magic mapping for 127 gold pieces
 58106 | Snake:3  | Bought a scroll of poison for 68 gold pieces
 58106 | Snake:3  | Acquired the ring "Inaiwis" {Will++ rCorr Str+6 Int+4}
 58478 | Orc:2    | Bought a scroll of enchant armour for 105 gold pieces
 58478 | Orc:2    | Bought a scroll of teleportation for 42 gold pieces
 58478 | Orc:2    | Bought a scroll of summoning for 133 gold pieces
 58542 | Orc:2    | Bought a scroll of butterflies for 52 gold pieces
 58542 | Orc:2    | Bought a scroll of teleportation for 39 gold pieces
 58542 | Orc:2    | Bought a scroll of poison for 52 gold pieces
 58544 | Orc:2    | Bought a scroll of teleportation for 54 gold pieces
 58544 | Orc:2    | Bought a potion of haste for 180 gold pieces
 58846 | Shoals:1 | Entered Level 1 of the Shoals
 59207 | Lair:3   | HP: 9/93 [poisoned by a sea snake]
 59212 | Lair:3   | HP: 5/93 [poisoned by a sea snake]
 59666 | Shoals:1 | Noticed Frances
 59832 | Shoals:1 | Killed Frances
 60321 | Shoals:1 | Reached skill level 5 in Air Magic
 63627 | Shoals:2 | Noticed a kraken
 63778 | Shoals:2 | Found Tawn's Antique Armour Shoppe.
 63787 | Shoals:2 | Bought a pair of embroidered gloves for 142 gold pieces
 64680 | Shoals:2 | Identified the +5 dagger of Linearity {speed, SInv}
 64776 | Shoals:2 | Killed a kraken
 65235 | Shoals:3 | Found Qeemera's Antique Armour Shop.
 65692 | Shoals:3 | Bought an embroidered robe for 125 gold pieces
 66212 | Shoals:3 | Reached XP level 18. HP: 98/98 MP: 19/35
 66843 | Shoals:4 | Entered Level 4 of the Shoals
 67332 | Shoals:3 | Learned a level 5 spell: Iskenderun's Battlesphere
 68189 | Shoals:4 | Noticed Mlioglotl
 68197 | Shoals:4 | Killed Mlioglotl
 68511 | Shoals:4 | HP: 5/98 [merfolk impaler/+1 trident of freezing (16)]
 68511 | Shoals:4 | Slain by a merfolk impaler

Illustrated notes

Levels and vault maps discovered:
D:1:      tarquinn_simple_flora_water_d, layout_basic
D:2:      layout_loops_ring, shapermc_ecumenical_altar_venn,
          dreamdust_princess_bridge, st_stairs_8, serial_bayou_pond_b,
          nicolae_wormholes
D:3:      minmay_general_purpose_star, layout_loops_ring, patterned_corridor
D:4:      layout_basic, portal_sewer_entry_b, serial_shops, kennysheep_mini,
          hangedman_decor_diamond_cutter, minmay_box_of_dots,
          uniq_blork_the_orc, uniq_eustachio
D:5:      layout_cave_pools, minmay_temple_entry_tees
D:6:      layout_rooms, nicolae_overflow_crystal_walls,
          gammafunk_temple_overflow_pools, serial_co_window_serial,
          co_window_corner_a, co_window_corner_a, co_window_corner_a,
          co_window_paths_b, co_window_of_opportunity_a, co_window_corner_cb,
          co_window_corner_b, co_window_corner_ca, co_window_corner_b,
          co_window_paths_e, glass_columns_a
D:7:      layout_basic, enter_bailey_4, grunt_ministairs_10, minmay_diced_spiral
D:8:      minmay_klotski, layout_cave_pools, okawaru_gym_becter
D:9:      cheibrodos_histonic, layout_basic, nemelex_xobeh_ov_fountains_minmay,
          erik_lair_dragon
D:10:     minmay_opposing_rooms, layout_loops_ring,
          nicolae_hepliaklqana_monster_ancestors, mainiacjoe_overflow_chevrons
D:11:     layout_irregular_city, kiku_gazebo_garden_becter
D:12:     layout_rooms, david_orc_1_choice, kennysheep_crisscross,
          nicolae_elevator_lobby_asterisk
D:13:     layout_gridville
D:14:     layout_roguey, lightli_vaults_fourway_checkpoint
D:15:     grunt_enter_depths_giant_problem, layout_small_grid, serial_shops,
          nicolae_shop_hallway_stairs, serial_bayou_shore_a,
          corexii_leaking_fountain, uniq_azrael, uniq_kirke
Lair:1:   layout_roguey, grunt_megastairs_2
Lair:2:   layout_cave_pods, minmay_snake_entry_guardpost_small,
          hellmonk_ghost_happy_afterlife, beast_lair_carwin_11
Lair:3:   layout_chaotic_city, minmay_shoals_entry_hut,
          nicolae_volcano_entry_hallway
Lair:4:   layout_big_grid, gammafunk_ghost_cemetery, fungi_pond_lemuel
Lair:5:   hangedman_lair_tendril_chambers, layout_gridlike,
          guppyfry_lair_end_dragon, dpeg_slime_entry_corner,
          nicolae_lair_time_for_slime, serial_bayou_shore_b
Shoals:1: layout_shoals, uniq_frances
Shoals:2: layout_shoals, serial_shops, shop,
          nicolae_shoals_beach_house_on_fowls_legs
Shoals:3: layout_shoals, serial_shops, nicolae_shop_hallway_plus,
          nicolae_shoals_shepherds
Shoals:4: shoals_end_simple, layout_shoals, uniq_mlioglotl
Snake:1:  layout_basic
Snake:2:  layout_rooms
Snake:3:  layout_basic, serial_shops, nicolae_shop_bloodbath_and_beyond,
          minmay_shop_star, serial_bayou_shore_b, lemuel_fruit_tree
Orc:1:    layout_caves, roderic_batcave, uniq_maurice
Orc:2:    pf_orc_diabolical, layout_caves, serial_shops,
          nicolae_shop_window_shopping, minmay_orc_temple_a

Skill      XL: |  1  2  3  4  5  6  7  8  9 10 11 12 13 14 15 16 17 18 |
---------------+-------------------------------------------------------+-----
Conjurations   | 6 7 8 9 10 14 15 16 19 20 21 22 | 22.7
Hexes          | 1 2 3 4 6 7 |  7.9
Spellcasting   | 3 5 7 9 10 11 12 | 12.7
Armour         | 3 4 6 |  6.0
Fire Magic     | 1 4 8 9 10 11 12 | 12.1
Dodging        | 3 5 6 8 10 11 12 13 14 | 14.0
Stealth        | 5 6 |  6.0
Fighting       | 2 4 6 |  6.0
Invocations    | 1 5 8 9 10 | 10.0
Evocations     | 3 5 |  5.0
Air Magic      | 2 5 |  5.0

Action                   |  1- 3 |  4- 6 |  7- 9 | 10-12 | 13-15 | 16-18 || total
-------------------------+-------+-------+-------+-------+-------+-------++-------
Melee: Unarmed           |     9 |       |       |       |       |       ||     9
       Kick              |     3 |     1 |     2 |     2 |    20 |    11 ||    39
       Peck              |     2 |     2 |     2 |       |    14 |     3 ||    23
       Dagger            |       |     9 |     1 |       |       |       ||    10
       Staff             |       |     6 |    11 |     6 |    43 |    24 ||    90
 Cast: Magic Dart        |    95 |    90 |   146 |   139 |    90 |    85 ||   645
       Searing Ray       |       |     9 |    49 |    79 |    75 |    22 ||   234
       Dazzling Flash    |       |       |     6 |    26 |    43 |    49 ||   124
       Sticky Flame      |       |       |       |    15 |    37 |    51 ||   103
       Iskenderun's Myst |       |       |       |    17 |    71 |    47 ||   135
       Fulminant Prism   |       |       |       |   114 |   330 |   211 ||   655
       Fireball          |       |       |       |       |   102 |   229 ||   331
       Lightning Bolt    |       |       |       |       |       |   107 ||   107
       Ignition          |       |       |       |       |       |     1 ||     1
       Iskenderun's Batt |       |       |       |       |       |    11 ||    11
       Fire Storm        |       |       |       |       |       |     1 ||     1
Invok: Channel Magic     |       |       |       |     1 |     1 |     5 ||     7
       Divine Exegesis   |       |       |       |       |       |     2 ||     2
Evoke: Wand              |       |       |     1 |     8 |     8 |    17 ||    34
       Condenser vane    |       |       |       |       |     2 |     3 ||     5
  Use: Scroll            |       |     7 |    11 |     5 |    11 |     8 ||    42
       Potion            |       |       |     1 |     6 |     9 |     5 ||    21
 Stab: Distracted        |       |       |     1 |       |       |       ||     1
       Invisible         |       |       |       |       |     2 |     1 ||     3
Armor: Robe              |       |    10 |    24 |     1 |       |       ||    35
       Leather armour    |       |       |       |     8 |    35 |    56 ||    99
       Skin              |       |       |       |     4 |       |       ||     4
       Acid dragon scale |       |       |       |    21 |    75 |       ||    96
Dodge: Dodged            |     7 |    27 |    71 |   191 |   328 |   453 ||  1077

Table legend: (Time is in decaauts)
 A = Elapsed time spent in this place.
 B = Non-inter-level travel time spent in this place.
 C = Inter-level travel time spent in this place.
 D = Time resting spent in this place.
 E = Time spent auto-exploring this place.
 F = Levels seen in this place.
 G = Mean time per level.
                   A        B        C        D        E       F      G
               +--------+--------+--------+--------+--------+-----+--------+
         Total |  66137 |  61897 |   4240 |  21657 |  31163 |  32 | 2066.8 |
       Dungeon |  29132 |  26920 |   2212 |   8163 |  14723 |  15 | 1942.1 |
          Lair |  15268 |  14148 |   1120 |   5442 |   6818 |   5 | 3053.6 |
        Shoals |   7670 |   7464 |    206 |   3242 |   3407 |   4 | 1917.5 |
     Snake Pit |   8077 |   7604 |    473 |   2839 |   3504 |   3 | 2692.3 |
  Orcish Mines |   3501 |   3274 |    227 |    645 |   2051 |   2 | 1750.5 |
         Sewer |    215 |    215 |      0 |    102 |     72 |   1 |  215.0 |
        Bailey |   1343 |   1343 |      0 |    814 |    254 |   1 | 1343.0 |
       Volcano |    931 |    931 |      0 |    407 |    330 |   1 |  931.0 |
               +--------+--------+--------+--------+--------+-----+--------+

Top non-repeatable levels by time:
 Snake:2: 4406 daAuts
     D:9: 4124 daAuts
  Lair:3: 4012 daAuts
    D:14: 3309 daAuts
  Lair:5: 3298 daAuts
  Lair:4: 3035 daAuts
  Lair:2: 2839 daAuts
   Orc:2: 2799 daAuts
Shoals:1: 2796 daAuts
    D:10: 2751 daAuts
     D:8: 2686 daAuts
 Snake:1: 2466 daAuts
     D:6: 2446 daAuts
     D:7: 2247 daAuts
Shoals:2: 2108 daAuts
